 Dungeon Crawl Stone Soup version 0.31-a0-174-g85c54bcb58 (webtiles) character file.

Game seed: 2533123993973695588

110 Dittersdorf the Shield-Bearer (level 4, -1/29 HPs)
             Began as a Gargoyle Fighter on June 15, 2023.
             Slain by a gnoll
             ... wielding a +0 flail
              (8 damage)
             ... on level 2 of the Dungeon.
             The game lasted 00:01:43 (1187 turns).

Dittersdorf the Shield-Bearer (Gargoyle Fighter)    Turns: 1187, Time: 00:01:44

Health: -1/29      AC: 13    Str: 22    XL:     4   Next: 91%
Magic:  4/4        EV:  8    Int:  8    God:
Gold:   69         SH:  4    Dex:  9    Spells: 3/3 levels left

rFire   . . .        a - +0 flail
rCold   . . .        c - +0 buckler
rNeg    + . .        e - +0 chain mail
rPois   ∞            (no helmet)
rElec   +            (no cloak)
rCorr   .            (no gloves)
SInv    .            (no boots)
Will    .....        (no amulet) Stlth
                     (no ring)
HPRegen 0.24/turn    (no ring)
MPRegen 0.09/turn

%: no passive effects
@: no status effects
A: sickness immunity, AC +3, negative energy resistance 1, electricity
resistance, torment resistance 1, petrification resistance
a: no special abilities


You were on level 2 of the Dungeon.
You visited 1 branch of the dungeon, and saw 2 of its levels.

You collected 69 gold pieces.

Inventory:

Hand Weapons
 a - a +0 flail (weapon)
Missiles
 i - 8 poisoned darts
Armour
 c - a +0 buckler (worn)
 e - a +0 chain mail (worn)
Scrolls
 f - 3 scrolls of identify {unknown}
 g - a scroll of enchant weapon {unknown}
 h - a scroll of amnesia {unknown}
 m - a scroll of immolation {unknown}
Potions
 b - a potion of invisibility {unknown}
 d - a potion of might
 j - a potion of mutation {unknown}
 k - a potion of magic {unknown}
 l - a potion of lignification {unknown}


   Skills:
 + Level 4.1 Fighting
 + Level 2.9 Maces & Flails
 + Level 4.1 Armour
 + Level 4.1 Shields


You had 3 spell levels left.
You didn't know any spells.
Your spell library contained the following spells:

 Spells                   Type           Power      Damage    Failure   Level
 Momentum Strike          Conj/Tloc      0%         3d8       99%         2
 Static Discharge         Conj/Air       0%         2-2/arc   99%         2
 Stone Arrow              Conj/Erth      0%         3d7       100%        3
 Summon Mana Viper        Hex/Summ       0%         N/A       100%        5
 Lehudib's Crystal Spear  Conj/Erth      0%         10d2      100%        8


Dungeon Overview and Level Annotations

Branches:
Dungeon (2/15)

Altars:


Innate Abilities, Weirdness & Mutations

You are immune to sickness and miasma.
Your stone body is resilient. (AC +3)
You are immune to poison.
You resist negative energy. (rN+)
You are resistant to electric shocks. (rElec)
You are resistant to unholy torment.
You are immune to petrification.


Message History

You become entangled in the net!
You struggle against the net.
The gnoll hits you from afar with a +0 spear.
You struggle against the net.
The gnoll hits you from afar with a +0 spear.
You tear a large gash into the net.
The gnoll hits you but does no damage.
You rip the net and break free!
The gnoll barely misses you. The gnoll hits you but does no damage.
Things that are here:
a +0 whip; a throwing net; a gnoll corpse You hit the gnoll.
The gnoll is moderately wounded.
The gnoll hits you but does no damage. You block the gnoll's attack.
You closely miss the gnoll.
The gnoll is moderately wounded.
You block the gnoll's attack.
You barely miss the gnoll.
The gnoll is moderately wounded.
The gnoll completely misses you.
You hit the gnoll.
The gnoll is severely wounded.
The gnoll hits you with a +0 spear! The gnoll hits you but does no damage.
You closely miss the gnoll.
The gnoll is severely wounded.
The gnoll barely misses you.
You closely miss the gnoll.
The gnoll is severely wounded.
The gnoll hits you with a +0 spear.
* * * LOW HITPOINT WARNING * * *
You closely miss the gnoll.
The gnoll is severely wounded.
The gnoll hits you with a +0 spear.
* * * LOW HITPOINT WARNING * * *
The gnoll hits you but does no damage.
You sock the gnoll!
You kill the gnoll!
You thump the gnoll!
The gnoll is almost dead.
The gnoll hits you with a +0 flail!
You die...

.....####.###.##########
## #.# ...### #.....#
#.#. ...# ###.### #..##
..## #.# ## # ..# #.# .
..# #.# ## ..# #.# # ###
####.######## # #
#..).†...@g$#
########.####.####.#
....<..#.###...# .#
######....#..~..# g#
..).........~~~.....
#.####.#.##..~..##.# ..#
#.#.###...## .. #.##
#.#<# ##.## .# .#.###.#
.


You could see a gnoll.

Vanquished Creatures
  Jessica (D:2)
  A sleepcap (D:2)
  2 gnolls (D:2)
  A dart slug (D:1)
  2 ball pythons
  4 endoplasms
  2 giant cockroaches (D:1)
  3 hobgoblins
  4 jackals (D:2)
  A quokka (D:1)
  A bat (D:1)
  2 frilled lizards
  6 goblins
  3 kobolds (D:1)
  4 rats
37 creatures vanquished.

Notes
Turn   | Place    | Note
-------+----------+-------------------------------------------
     0 | D:1      | Dittersdorf the Gargoyle Fighter began the quest for the
                  | Orb.
     0 | D:1      | Reached XP level 1. HP: 14/14 MP: 1/1
    92 | D:1      | Reached XP level 2. HP: 15/19 MP: 2/2
   433 | D:1      | Got Jomuon's Grimoire of Ensnaring Combat Magic
   712 | D:1      | Reached XP level 3. HP: 20/23 MP: 3/3
   848 | D:2      | Identified the +0 dagger of Due Proportion {vamp, *Rage
                  | Will+ Int+4}
   960 | D:2      | Reached XP level 4. HP: 26/29 MP: 4/4
  1074 | D:2      | Identified the +8 flail of Glory {pain, +Blink rPois rF+}
  1104 | D:2      | Noticed Jessica
  1108 | D:2      | Killed Jessica
  1187 | D:2      | Slain by a gnoll

Illustrated notes

Levels and vault maps discovered:
D:1:      saegor_arrival_under_anarchy, layout_basic
D:2:      layout_loops_ring, amcnicky_mini_pool_small, uniq_jessica

Skill      XL: |  1  2  3  4 |
---------------+-------------+-----
Fighting       | 4 |  4.1
Armour         | 4 |  4.1
Shields        | 4 |  4.1
Maces & Flails | |  2.9

Action                     |  1- 3 |  4- 6 || total
---------------------------+-------+-------++-------
  Melee: Flail             |    90 |    26 ||   116
 Armour: Chain mail        |    85 |    13 ||    98
  Dodge: Dodged            |    45 |    14 ||    59
  Block: Buckler           |    31 |     9 ||    40

Table legend: (Time is in decaauts)
 A = Elapsed time spent in this place.
 B = Non-inter-level travel time spent in this place.
 C = Inter-level travel time spent in this place.
 D = Time resting spent in this place.
 E = Time spent auto-exploring this place.
 F = Levels seen in this place.
 G = Mean time per level.
                   A        B        C        D        E       F      G
               +--------+--------+--------+--------+--------+-----+--------+
         Total |   1223 |   1184 |     39 |      0 |    914 |   2 |  611.5 |
       Dungeon |   1223 |   1184 |     39 |      0 |    914 |   2 |  611.5 |
               +--------+--------+--------+--------+--------+-----+--------+

Top non-repeatable levels by time:
     D:1: 817 daAuts
     D:2: 406 daAuts
